 Dungeon Crawl Stone Soup version 0.30-a0-4-ga7cffc901d (webtiles) character file.

Game seed: 10582197951045355498

217 Setbun the Cutter (level 6, -6/35 HPs)
             Began as a Kobold Brigand on Aug 21, 2022.
             Mangled by a kobold brigand
             ... wielding a +0 whip
              (7 damage)
             ... in a sewer.
             The game lasted 00:03:57 (3647 turns).

Setbun the Cutter (Kobold Brigand)                  Turns: 3647, Time: 00:03:58

Health: -6/35      AC:  3    Str:  8    XL:     6   Next: 16%
Magic:  6/6        EV: 14    Int: 13    God:
Gold:   110        SH:  0    Dex: 18    Spells: 5/5 levels left

rFire   . . .      SeeInvis .    i - +1 dagger (flame)
rCold   . . .      Faith    .    (no shield)
rNeg    . . .      Spirit   .    b - +0 robe
rPois   .          Reflect  .    (no helmet)
rElec   .          Harm     .    c - +0 cloak
rCorr   .          Rampage  .    (no gloves)
Will    .....                    (no boots)
Stlth   ++++......               (no amulet)
HPRegen 0.11/turn                (no ring)
MPRegen 0.10/turn                (no ring)

@: no status effects
A: small, no large weapons, nightstalker 3
a: no special abilities


You were in a sewer.
You visited 1 branch of the dungeon, and saw 3 of its levels.
You also visited: Sewer.

You collected 110 gold pieces.

Inventory:

Hand Weapons
 a - a +2 dagger
 i - a +1 dagger of flaming (weapon)
Missiles
 d - 22 poisoned darts (quivered)
 e - 3 curare-tipped darts
Armour
 b - a +0 robe (worn)
 c - a +0 cloak (worn)
Jewellery
 h - an amulet of the acrobat
Scrolls
 f - a scroll of summoning {unknown}
 l - a scroll of identify
 m - a scroll of immolation
Potions
 g - 2 potions of curing {unknown}
 j - a potion of brilliance {unknown}
 k - a potion of cancellation {unknown}
 n - a potion of attraction {unknown}
 o - a potion of lignification {unknown}
 p - a potion of invisibility {unknown}
 q - a potion of haste {unknown}
 r - a potion of mutation {unknown}
 s - a potion of resistance {unknown}


   Skills:
 - Level 2.1 Fighting
 * Level 7.9 Short Blades
 - Level 2.1 Throwing
 - Level 1.2 Dodging
 - Level 5.3 Stealth


You had 5 spell levels left.
You didn't know any spells.
Your spell library contained the following spells:

 Spells                   Type           Power      Damage    Failure   Level
 Ozocubu's Armour         Ice            0%         N/A       67%         3
 Corpse Rot               Necr/Pois/Air  0%         N/A       97%         4
 Dispel Undead            Necr           0%         3d6       97%         4
 Death Channel            Necr           0%         N/A       100%        6
 Ozocubu's Refrigeration  Ice            0%         4d7       100%        7


Dungeon Overview and Level Annotations

Branches:
Dungeon (3/15)              Sewer (1/1)

Altars:
Dithmenos


Innate Abilities, Weirdness & Mutations

You are small and have problems with some larger weapons.
You are completely attuned to the shadows.


Message History

The kobold brigand barely misses you.
The kobold hits you with a +0 short sword.
You hit the kobold brigand. You burn the kobold brigand.
The kobold brigand is moderately wounded.
You hit the kobold brigand. You burn the kobold brigand.
The kobold brigand is heavily wounded.
The kobold brigand hits you but does no damage.
The kobold brigand throws a poisoned dart.
The poisoned dart closely misses you.
You hit the kobold brigand but do no damage.
The kobold brigand is heavily wounded.
The kobold brigand barely misses you. The kobold hits you but does no damage.
You hit the kobold brigand but do no damage.
The kobold brigand is heavily wounded.
You completely miss the kobold brigand.
The kobold brigand is heavily wounded.
The kobold brigand hits you with a +0 short sword.
* * * LOW HITPOINT WARNING * * *
The kobold misses you.
You miss the kobold brigand.
The kobold brigand is heavily wounded.
The kobold brigand hits you with a +0 short sword.
* * * LOW HITPOINT WARNING * * *
The kobold closely misses you. The kobold brigand closely misses you.
Unknown command.
You hit the kobold brigand. You burn the kobold brigand.
The kobold brigand is severely wounded.
You barely miss the kobold brigand.
The kobold brigand is severely wounded.
The kobold brigand hits you but does no damage.
The kobold hits you but does no damage. The kobold brigand barely misses you.
You hit the kobold brigand. You burn the kobold brigand.
The kobold brigand is severely wounded.
You hit the kobold brigand. You burn the kobold brigand.
The kobold brigand is almost dead.
The kobold brigand hits you with a +0 short sword!
* * * LOW HITPOINT WARNING * * *
The kobold closely misses you.
The kobold brigand hits you with a +0 whip!
You die...

#...##≈≈
≈≈.....#
#..##
≈≈.....#
##††##
≈≈......
#....#≈
≈≈≈.....
##.....≈≈
≈≈≈.....
#......≈≈
≈≈....#
#.†...≈≈≈
≈....#
#....≈≈≈≈
#K@K.≈≈≈
##K###≈
#.KKK.#
#.....#
##...##
[...?


You could see 2 kobold brigands and 4 kobolds.

Vanquished Creatures
  A gnoll (D:1)
  4 adders (Sewer)
  5 river rats (Sewer)
  An ufetubus (D:2)
  2 worms (D:2)
  3 dart slugs
  6 orcs (D:3)
  9 endoplasms
  3 giant cockroaches
  7 goblins
  4 hobgoblins (D:1)
  4 jackals (D:1)
  8 quokkas
  10 ball pythons
  5 bats
  3 frilled lizards
  13 kobolds
  21 rats
109 creatures vanquished.

Notes
Turn   | Place    | Note
-------+----------+-------------------------------------------
     0 | D:1      | Setbun the Kobold Brigand began the quest for the Orb.
     0 | D:1      | Reached XP level 1. HP: 12/12 MP: 1/1
   197 | D:1      | Reached skill level 3 in Short Blades
   224 | D:1      | Reached XP level 2. HP: 17/17 MP: 2/2
   267 | D:1      | Reached skill level 4 in Short Blades
   275 | D:1      | Reached XP level 3. HP: 21/21 MP: 3/3
   633 | D:1      | Reached skill level 5 in Short Blades
   975 | D:1      | Reached XP level 4. HP: 26/26 MP: 4/4
  1812 | D:2      | Reached skill level 6 in Short Blades
  2211 | D:3      | Found a shadowy altar of Dithmenos.
  2267 | D:3      | Reached XP level 5. HP: 21/30 MP: 5/5
  2305 | D:3      | Found a glowing drain.
  2318 | Sewer    | Entered a sewer
  2786 | Sewer    | Reached skill level 7 in Short Blades
  3064 | Sewer    | Reached XP level 6. HP: 23/35 MP: 6/6
  3647 | Sewer    | HP: 1/35 [kobold brigand/+0 short sword (7)]
  3647 | Sewer    | Mangled by a kobold brigand

Illustrated notes

Levels and vault maps discovered:
D:1:      zelgadis_glass_arrival_small, layout_loops_cross, minmay_octomino_e4
D:2:      layout_basic
D:3:      layout_basic, nicolae_dithmenos_shadow_blocks, slow_altar_1,
          basic_ecumenical_altar, serial_corexii_hall,
          chequers_hall_statues_wall_a, chequers_hall_statues_y,
          chequers_hall_statues_y, gup_sewer_entry_pipe
Sewer:    sewer_minmay_treatment

Skill      XL: |  1  2  3  4  5 |
---------------+----------------+-----
Short Blades   | 3 4 5 6 7 |  7.9
Fighting       | |  2.1
Throwing       | |  2.1
Dodging        | |  1.2
Stealth        | |  5.3

Action                   |  1- 3 |  4- 6 || total
-------------------------+-------+-------++-------
Melee: Dagger            |    73 |   266 ||   339
       Punch             |       |     3 ||     3
  Use: Scroll            |       |     4 ||     4
 Stab: Sleeping          |    13 |    20 ||    33
       Distracted        |       |     1 ||     1
Armor: Robe              |    12 |    51 ||    63
Dodge: Dodged            |    35 |   163 ||   198

Table legend: (Time is in decaauts)
 A = Elapsed time spent in this place.
 B = Non-inter-level travel time spent in this place.
 C = Inter-level travel time spent in this place.
 D = Time resting spent in this place.
 E = Time spent auto-exploring this place.
 F = Levels seen in this place.
 G = Mean time per level.
                   A        B        C        D        E       F      G
               +--------+--------+--------+--------+--------+-----+--------+
         Total |   3546 |   3487 |     59 |    768 |   2075 |   4 |  886.5 |
       Dungeon |   2282 |   2223 |     59 |    132 |   1651 |   3 |  760.7 |
         Sewer |   1263 |   1263 |      0 |    636 |    424 |   1 | 1263.0 |
               +--------+--------+--------+--------+--------+-----+--------+

Top non-repeatable levels by time:
   Sewer: 1263 daAuts
     D:1: 1155 daAuts
     D:2: 823 daAuts
     D:3: 303 daAuts
